TOP OF THE 1ST |
Albuquerque Isotopes batting - Pitching for District 9 Prawns : RHP Víctor Ventura
|
Pitching: RHP Víctor Ventura
|
|
Batting: RHB Arturo García
|
0-0: Called Strike 0-1: Called Strike 0-2: Foul Ball, location: 2F 0-2: Strikes out swinging
|
Batting: RHB Dave Mullen
|
0-0: Ball 1-0: Ball 2-0: Called Strike 2-1: Ball 3-1: Fly out, F5 (Line Drive, 5)
|
Batting: LHB Bernardo Montés
|
0-0: Ball 1-0: Ball 2-0: Swinging Strike 2-1: Swinging Strike 2-2: Fly out, F8 (Line Drive, 8RM)
|
Top of the 1st over - 0 run(s), 0 hit(s), 0 error(s), 0 left on base; Albuquerque 0 - District 9 0 |
BOTTOM OF THE 1ST |
District 9 Prawns batting - Pitching for Albuquerque Isotopes : RHP Rafael Trujillo
|
Pitching: RHP Rafael Trujillo
|
|
Batting: RHB Ron Glass
|
0-0: Ball 1-0: Ball 2-0: Foul Ball, location: 2F 2-1: Called Strike 2-2: Ball 3-2: Base on Balls
|
Batting: RHB José Colón
|
0-0: Ball 1-0: Ball 2-0: Ball 3-0: Called Strike 3-1: Base on Balls Ron Glass to second
|
Batting: SHB Rick Turner
|
0-0: Called Strike 0-1: Ball 1-1: Ball 2-1: Foul Ball, location: 2F 2-2: Ball 3-2: Grounds into double play, 6-4-3 (Groundball, 6) Ron Glass to third
|
Batting: LHB José Flores
|
0-0: Ball 1-0: Called Strike 1-1: Ball 2-1: Ball 3-1: Fly out, F4 (Popup, 34D)
|
Bottom of the 1st over - 0 run(s), 0 hit(s), 0 error(s), 1 left on base; Albuquerque 0 - District 9 0 |
TOP OF THE 2ND |
Albuquerque Isotopes batting - Pitching for District 9 Prawns : RHP Víctor Ventura
|
Batting: LHB Mark Vestal
|
0-0: Called Strike 0-1: Ground out 1-3 (Groundball, 13S)
|
Batting: LHB António De Los Ángeles
|
0-0: Swinging Strike 0-1: Swinging Strike 0-2: Ball 1-2: Ball 2-2: Foul Ball, location: 2F 2-2: Ball 3-2: Foul Ball, location: 2F 3-2: Foul Ball, location: 2F 3-2: Foul Ball, location: 2F 3-2: Strikes out swinging
|
Batting: RHB Alfonso Huertas
|
0-0: Ball 1-0: Swinging Strike 1-1: Ball 2-1: Swinging Strike 2-2: SINGLE (Line Drive, 89S)
|
Batting: RHB Juan Alberto
|
0-0: Ball 1-0: Ball 2-0: DOUBLE (Line Drive, 7LD) Alfonso Huertas to third Runner from 3rd tries for Home, SAFE, no throw
|
Batting: LHB Fernando Ortíz
|
0-0: SINGLE (Groundball, 4D) Juan Alberto to third Runner from 3rd tries for Home, SAFE, no throw
|
Batting: LHB A.J. Major
|
0-0: Called Strike 0-1: Ball 1-1: Ball 2-1: TRIPLE (Flyball, 8LXD) Fernando Ortíz scores
|
Batting: RHB Arturo García
|
0-0: Ball 1-0: Ball 2-0: Swinging Strike 2-1: Called Strike 2-2: Strikes out swinging
|
Top of the 2nd over - 3 run(s), 4 hit(s), 0 error(s), 1 left on base; Albuquerque 3 - District 9 0 |
BOTTOM OF THE 2ND |
District 9 Prawns batting - Pitching for Albuquerque Isotopes : RHP Rafael Trujillo
|
Batting: RHB Edgardo Carrasco
|
0-0: Called Strike 0-1: Called Strike 0-2: Ground out 5-3 (Groundball, 5)
|
Batting: LHB Tommy Payne
|
0-0: Ball 1-0: Ball 2-0: Called Strike 2-1: Foul Ball, location: 2F 2-2: Foul Ball, location: 2F 2-2: Foul Ball, location: 2F 2-2: Ground out U3 (Groundball, 3L)
|
Batting: RHB Boyd Pittman
|
0-0: Ball 1-0: Ball 2-0: Ball 3-0: Base on Balls
|
Batting: RHB Alfredo Rangel
|
0-0: Foul Ball, location: 2F 0-1: Ball 1-1: Ball 2-1: Ball 3-1: Base on Balls Boyd Pittman to second
|
Batting: LHB Pedro Gonzáles
|
0-0: Ball 1-0: Called Strike 1-1: Called Strike 1-2: DOUBLE (Line Drive, 7LS) Boyd Pittman scores Alfredo Rangel to third
|
Batting: RHB Ron Glass
|
0-0: Ball 1-0: Ball 2-0: Ball 3-0: Base on Balls
|
Batting: RHB José Colón
|
0-0: Ball 1-0: Ball 2-0: Ball 3-0: Base on Balls Alfredo Rangel scores Pedro Gonzáles to third Ron Glass to second
|
Batting: SHB Rick Turner
|
0-0: Ball 1-0: Ball 2-0: GRAND SLAM HOME RUN (Flyball, 7LD), Distance : 370 ft
|
Batting: LHB José Flores
|
0-0: Swinging Strike 0-1: SINGLE (Groundball, 4MD)
|
Batting: RHB Edgardo Carrasco
|
0-0: Ball 1-0: Ball 2-0: 2-RUN HOME RUN (Flyball, 7LD), Distance : 368 ft
|
Batting: LHB Tommy Payne
|
0-0: Ball 1-0: Ball 2-0: Ball 3-0: Base on Balls
|
Batting: RHB Boyd Pittman
|
0-0: Ball 1-0: Ball 2-0: Called Strike 2-1: Ball 3-1: Called Strike 3-2: Base on Balls Tommy Payne to second
|
Batting: RHB Alfredo Rangel
|
0-0: Fielders Choice at 2nd, 6-4 (Groundball, 6)
|
Bottom of the 2nd over - 8 run(s), 4 hit(s), 0 error(s), 1 left on base; Albuquerque 3 - District 9 8 |
TOP OF THE 3RD |
Albuquerque Isotopes batting - Pitching for District 9 Prawns : RHP Víctor Ventura
|
Batting: RHB Dave Mullen
|
0-0: Ball 1-0: Foul Ball, location: 2F 1-1: Foul Ball, location: 2F 1-2: Strikes out looking
|
Batting: LHB Bernardo Montés
|
0-0: Fly out, F9 (Line Drive, 9D)
|
Batting: LHB Mark Vestal
|
0-0: Ball 1-0: Ball 2-0: Ground out 4-3 (Groundball, 4)
|
Top of the 3rd over - 0 run(s), 0 hit(s), 0 error(s), 0 left on base; Albuquerque 3 - District 9 8 |
BOTTOM OF THE 3RD |
District 9 Prawns batting - Pitching for Albuquerque Isotopes : RHP Rafael Trujillo
|
Batting: LHB Pedro Gonzáles
|
0-0: Ball 1-0: Ball 2-0: Ball 3-0: Called Strike 3-1: Swinging Strike 3-2: Base on Balls
|
Batting: RHB Ron Glass
|
0-0: Ball 1-0: Called Strike 1-1: SINGLE (Line Drive, 6MD) Pedro Gonzáles to second
|
Batting: RHB José Colón
|
0-0: Ball 1-0: Ball 2-0: Called Strike 2-1: Ball 3-1: Foul Ball, location: 2F 3-2: 3-RUN HOME RUN (Flyball, 8RXD), Distance : 428 ft
|
Batting: SHB Rick Turner
|
0-0: Called Strike 0-1: Foul Ball, location: 2F 0-2: Fly out, F7 (Flyball, 7LSF)
|
Batting: LHB José Flores
|
0-0: Ball 1-0: Ball 2-0: Fly out, F7 (Flyball, 7)
|
Batting: RHB Edgardo Carrasco
|
0-0: Foul Ball, location: 2F 0-1: Ball 1-1: Ball 2-1: SINGLE (Groundball, 56D)
|
Batting: LHB Tommy Payne
|
0-0: Ball 1-0: Fly out, F8 (Flyball, 8RD)
|
Bottom of the 3rd over - 3 run(s), 3 hit(s), 0 error(s), 1 left on base; Albuquerque 3 - District 9 11 |
TOP OF THE 4TH |
Albuquerque Isotopes batting - Pitching for District 9 Prawns : RHP Víctor Ventura
|
Batting: LHB António De Los Ángeles
|
0-0: Foul Ball, location: 2F 0-1: Foul Ball, location: 2F 0-2: Ball 1-2: Ball 2-2: Ground out 4-3 (Groundball, 4S)
|
Batting: RHB Alfonso Huertas
|
0-0: Ball 1-0: SINGLE (Groundball, 6M) (infield hit)
|
Batting: RHB Juan Alberto
|
0-0: Called Strike 0-1: Called Strike 0-2: Ball 1-2: Fly out, F7 (Flyball, 7S)
|
Batting: LHB Fernando Ortíz
|
0-0: Ball 1-0: Foul Ball, location: 2F 1-1: Ball Alfonso Huertas steals 2nd base 2-1: Foul Ball, location: 2F 2-2: Strikes out swinging
|
Top of the 4th over - 0 run(s), 1 hit(s), 0 error(s), 1 left on base; Albuquerque 3 - District 9 11 |
BOTTOM OF THE 4TH |
District 9 Prawns batting - Pitching for Albuquerque Isotopes : RHP Rafael Trujillo
|
Batting: RHB Boyd Pittman
|
0-0: Ball 1-0: Ball 2-0: Ball 3-0: Base on Balls
|
Pitching: RHP Kenny Skinner
|
|
Batting: RHB Alfredo Rangel
|
0-0: Ball 1-0: Foul Ball, location: 2F 1-1: Grounds into double play, 6-4-3 (Groundball, 6)
|
Batting: LHB Pedro Gonzáles
|
0-0: Ball 1-0: Swinging Strike 1-1: Ground out 5-3 (Groundball, 56)
|
Bottom of the 4th over - 0 run(s), 0 hit(s), 0 error(s), 0 left on base; Albuquerque 3 - District 9 11 |
TOP OF THE 5TH |
Albuquerque Isotopes batting - Pitching for District 9 Prawns : RHP Víctor Ventura
|
Batting: LHB A.J. Major
|
0-0: Ball 1-0: Ball 2-0: Ball 3-0: Base on Balls
|
Batting: RHB Arturo García
|
0-0: Ball 1-0: Ball 2-0: Called Strike 2-1: SINGLE (Groundball, 6D) A.J. Major to second
|
Batting: RHB Dave Mullen
|
0-0: Ball 1-0: Ball 2-0: Ball 3-0: Called Strike 3-1: Swinging Strike 3-2: Strikes out swinging
|
Batting: LHB Bernardo Montés
|
0-0: Called Strike A.J. Major steals 3rd base Arturo García to second 0-1: Ball 1-1: Fly out, F8 (Flyball, 8RM) Runner from 3rd tags up, SCORES, no throw
|
Batting: LHB Mark Vestal
|
0-0: Foul Ball, location: 2F 0-1: Hit by Pitch
|
Batting: LHB António De Los Ángeles
|
0-0: Ball 1-0: Ball 2-0: Ball 3-0: Called Strike 3-1: Foul Ball, location: 2F 3-2: Strikes out swinging
|
Top of the 5th over - 1 run(s), 1 hit(s), 0 error(s), 2 left on base; Albuquerque 4 - District 9 11 |
BOTTOM OF THE 5TH |
District 9 Prawns batting - Pitching for Albuquerque Isotopes : RHP Kenny Skinner
|
Pitching: RHP Manny Muñóz
|
|
Batting: RHB Ron Glass
|
0-0: Swinging Strike 0-1: Ball 1-1: SINGLE (Groundball, 56D)
|
Batting: RHB José Colón
|
0-0: Ball 1-0: Called Strike 1-1: Swinging Strike 1-2: Strikes out swinging
|
Batting: SHB Rick Turner
|
0-0: Called Strike 0-1: Ball 1-1: Ball 2-1: Called Strike 2-2: DOUBLE (Line Drive, 7LM) Ron Glass to third
|
Batting: LHB José Flores
|
0-0: 3-RUN HOME RUN (Flyball, 8RXD), Distance : 421 ft
|
Batting: RHB Edgardo Carrasco
|
0-0: Swinging Strike 0-1: Swinging Strike 0-2: Foul Ball, location: 2F 0-2: Fly out, F4 (Flyball, 34D)
|
Batting: LHB Tommy Payne
|
0-0: Foul Ball, location: 2F 0-1: Ball 1-1: Ground out 3-1 (Groundball, 3S)
|
Bottom of the 5th over - 3 run(s), 3 hit(s), 0 error(s), 0 left on base; Albuquerque 4 - District 9 14 |
TOP OF THE 6TH |
Albuquerque Isotopes batting - Pitching for District 9 Prawns : RHP Víctor Ventura
|
Pitching: LHP Ben Johnson
|
|
Batting: RHB Alfonso Huertas
|
0-0: Ball 1-0: Called Strike 1-1: Foul Ball, location: 2F 1-2: Foul Ball, location: 2F 1-2: Strikes out looking
|
Batting: RHB Juan Alberto
|
0-0: Foul Ball, location: 2F 0-1: Foul Ball, location: 2F 0-2: Ball 1-2: Ground out 6-3 (Groundball, 6S)
|
Batting: LHB Fernando Ortíz
|
0-0: SOLO HOME RUN (Flyball, 89XD), Distance : 428 ft
|
Batting: LHB A.J. Major
|
0-0: Swinging Strike 0-1: Ball 1-1: Called Strike 1-2: Ball 2-2: Ball 3-2: Strikes out swinging
|
Top of the 6th over - 1 run(s), 1 hit(s), 0 error(s), 0 left on base; Albuquerque 5 - District 9 14 |
BOTTOM OF THE 6TH |
District 9 Prawns batting - Pitching for Albuquerque Isotopes : RHP Manny Muñóz
|
Batting: RHB Boyd Pittman
|
0-0: Ball 1-0: SINGLE (Groundball, 25) (infield hit)
|
Batting: RHB Alfredo Rangel
|
0-0: Ball 1-0: Ball 2-0: Ball 3-0: Base on Balls Boyd Pittman to second
|
Batting: LHB Pedro Gonzáles
|
0-0: Ball 1-0: Ball 2-0: Ball 3-0: Called Strike 3-1: SINGLE (Groundball, 4MD) Boyd Pittman to third Alfredo Rangel to second
|
Batting: RHB Ron Glass
|
0-0: GRAND SLAM HOME RUN (Flyball, 89XD), Distance : 428 ft
|
Batting: RHB José Colón
|
0-0: Called Strike 0-1: Swinging Strike 0-2: Ball 1-2: Foul Ball, location: 2F 1-2: SINGLE (Line Drive, 6D)
|
Batting: SHB Rick Turner
|
0-0: Ball 1-0: Ball 2-0: Ball 3-0: Base on Balls José Colón to second
|
Batting: LHB José Flores
|
0-0: Called Strike 0-1: SINGLE (Line Drive, 34) José Colón to third Rick Turner to second
|
Batting: RHB Edgardo Carrasco
|
0-0: Ball 1-0: Ball 2-0: Called Strike 2-1: Called Strike 2-2: Reached on error, E6 (Groundball, 6) José Colón scores Rick Turner to third José Flores to second
|
Batting: LHB Tommy Payne
|
0-0: Ball 1-0: Foul Ball, location: 2F 1-1: Foul Ball, location: 2F 1-2: Foul Ball, location: 2F 1-2: Ball 2-2: Foul Ball, location: 2F 2-2: Foul Ball, location: 2F 2-2: SINGLE (Groundball, 4D) Rick Turner scores José Flores to third Edgardo Carrasco to second Runner from 3rd tries for Home, SAFE, no throw
|
Batting: RHB Boyd Pittman
|
0-0: Ball 1-0: SINGLE (Line Drive, 7LS) Edgardo Carrasco to third Tommy Payne to second
|
Batting: RHB Alfredo Rangel
|
0-0: Ball 1-0: Ball 2-0: Ball 3-0: Base on Balls Edgardo Carrasco scores Tommy Payne to third Boyd Pittman to second
|
Pitching: RHP Rick Ayliffe
|
|
Batting: LHB Pedro Gonzáles
|
0-0: Ball 1-0: Ball 2-0: Ball 3-0: Base on Balls Tommy Payne scores Boyd Pittman to third Alfredo Rangel to second
|
Batting: RHB Ron Glass
|
0-0: Foul Ball, location: 2F 0-1: Ball 1-1: Ball 2-1: Ball 3-1: Foul Ball, location: 2F 3-2: Foul Ball, location: 2F 3-2: Base on Balls Boyd Pittman scores Alfredo Rangel to third Pedro Gonzáles to second
|
Batting: RHB José Colón
|
0-0: Ball Wild Pitch! Alfredo Rangel scores Pedro Gonzáles to third Ron Glass to second 1-0: Ball 2-0: Ball 3-0: Called Strike 3-1: Foul Ball, location: 2F 3-2: Base on Balls
|
Batting: SHB Rick Turner
|
0-0: Ball 1-0: Ball 2-0: Ball 3-0: Base on Balls Pedro Gonzáles scores Ron Glass to third José Colón to second
|
Batting: LHB José Flores
|
0-0: Ball 1-0: Called Strike 1-1: Grounds into double play, 4-6-3 (Groundball, 4) Ron Glass scores José Colón to third
|
Batting: RHB Edgardo Carrasco
|
0-0: Ball 1-0: Ball 2-0: Called Strike 2-1: Ball 3-1: Base on Balls
|
Pinch Hitting: LHB Leonard Young
|
0-0: DOUBLE (Line Drive, 9D) José Colón scores Edgardo Carrasco to third Runner from 3rd tries for Home, SAFE, no throw
|
Batting: RHB Boyd Pittman
|
0-0: Swinging Strike 0-1: Ball 1-1: Called Strike 1-2: Fly out, F8 (Flyball, 8LS)
|
Bottom of the 6th over - 15 run(s), 8 hit(s), 1 error(s), 1 left on base; Albuquerque 5 - District 9 29 |
TOP OF THE 7TH |
Albuquerque Isotopes batting - Pitching for District 9 Prawns : LHP Ben Johnson
|
Now in RF: Culley Vaughan
|
|
Batting: RHB Arturo García
|
0-0: Called Strike 0-1: Ball 1-1: Swinging Strike 1-2: Strikes out swinging
|
Batting: RHB Dave Mullen
|
0-0: Ball 1-0: Ball 2-0: SINGLE (Line Drive, 9LS)
|
Batting: LHB Bernardo Montés
|
0-0: Called Strike 0-1: Ball 1-1: Foul Ball, location: 2F 1-2: Strikes out swinging
|
Batting: LHB Mark Vestal
|
0-0: Called Strike 0-1: Swinging Strike 0-2: Ball 1-2: Ball 2-2: SINGLE (Groundball, 6MD) Dave Mullen to second
|
Batting: LHB António De Los Ángeles
|
0-0: Called Strike 0-1: Ball 1-1: Called Strike 1-2: Ball 2-2: Strikes out swinging
|
Top of the 7th over - 0 run(s), 2 hit(s), 0 error(s), 2 left on base; Albuquerque 5 - District 9 29 |
BOTTOM OF THE 7TH |
District 9 Prawns batting - Pitching for Albuquerque Isotopes : RHP Rick Ayliffe
|
Batting: RHB Alfredo Rangel
|
0-0: Called Strike 0-1: Ball 1-1: Fly out, F2 (Popup, 3S)
|
Batting: LHB Pedro Gonzáles
|
0-0: Called Strike 0-1: Ball 1-1: Ball 2-1: Ground out 3-1 (Groundball, 34)
|
Batting: RHB Ron Glass
|
0-0: Ball 1-0: Ball 2-0: Foul Ball, location: 2F 2-1: Foul Ball, location: 2F 2-2: Foul Ball, location: 2F 2-2: Strikes out looking
|
Bottom of the 7th over - 0 run(s), 0 hit(s), 0 error(s), 0 left on base; Albuquerque 5 - District 9 29 |
TOP OF THE 8TH |
Albuquerque Isotopes batting - Pitching for District 9 Prawns : LHP Ben Johnson
|
Now at 3B: Manuel Cardenas
|
|
Batting: RHB Alfonso Huertas
|
0-0: Ground out 5-3 (Groundball, 5)
|
Batting: RHB Juan Alberto
|
0-0: Ball 1-0: Ball 2-0: Ball 3-0: Base on Balls
|
Pitching: RHP Mike Stabler
|
|
Pinch Hitting: LHB Bob Smith
|
0-0: Called Strike 0-1: Called Strike 0-2: Ball 1-2: Foul Ball, location: 2F 1-2: Foul Ball, location: 2F 1-2: Ball 2-2: 2-RUN HOME RUN (Line Drive, 89XD), Distance : 428 ft
|
Batting: LHB A.J. Major
|
0-0: Ball 1-0: Fly out, F8 (Flyball, 78S)
|
Batting: RHB Arturo García
|
0-0: Swinging Strike 0-1: Ball 1-1: Swinging Strike 1-2: Strikes out looking
|
Top of the 8th over - 2 run(s), 1 hit(s), 0 error(s), 0 left on base; Albuquerque 7 - District 9 29 |
BOTTOM OF THE 8TH |
District 9 Prawns batting - Pitching for Albuquerque Isotopes : RHP Rick Ayliffe
|
Now at 1B: Bob Smith
|
|
Pinch Hitting: LHB Enrique Nalasco
|
0-0: Ball 1-0: Ball 2-0: SINGLE (Groundball, 6MD)
|
Batting: SHB Rick Turner
|
0-0: Called Strike 0-1: Ball 1-1: Ball 2-1: Ball 3-1: Fly out, F7 (Flyball, 7S)
|
Batting: LHB José Flores
|
|
Pinch Hitting: RHB Gil Palmer
|
Balk! Enrique Nalasco to second 0-0: Ball 1-0: Called Strike 1-1: Fly out, F7 (Flyball, 7S)
|
Batting: RHB Edgardo Carrasco
|
0-0: Ball 1-0: Ground out 4-3 (Groundball, 4)
|
Bottom of the 8th over - 0 run(s), 1 hit(s), 0 error(s), 1 left on base; Albuquerque 7 - District 9 29 |
TOP OF THE 9TH |
Albuquerque Isotopes batting - Pitching for District 9 Prawns : RHP Mike Stabler
|
Now in LF: Enrique Nalasco
|
|
Now in RF: Gil Palmer
|
|
Batting: RHB Dave Mullen
|
0-0: Foul Ball, location: 2F 0-1: Foul Ball, location: 2F 0-2: Ground out 6-3 (Groundball, 56)
|
Pinch Hitting: LHB Juan Carlos Sánchez
|
0-0: Foul Ball, location: 2F 0-1: Swinging Strike 0-2: Ball 1-2: Ball 2-2: Ground out U3 (Groundball, 34S)
|
Batting: LHB Mark Vestal
|
0-0: Called Strike 0-1: Ground out U3 (Groundball, 3)
|
Top of the 9th over - 0 run(s), 0 hit(s), 0 error(s), 0 left on base; Albuquerque 7 - District 9 29 |
|